 Dungeon Sprint DCSS version 0.22-a0-396-g3f858e3 (webtiles) character file.

18879 emperorscorpion the Fighter (level 12, -16/107 HPs)
             Began as a Demonspawn Hunter on May 3, 2018.
             Was the Champion of Trog.
             Demolished by a cyan very ugly thing (21 damage)
             ... in the Dungeon (Sprint IX: "|||||||||||||||||||||||||||||").
             The game lasted 00:16:27 (2335 turns).

emperorscorpion the Fighter (Demonspawn Hunter)     Turns: 2335, Time: 00:16:28

Health: -16/107    AC: 19    Str: 17    XL:     12   Next: 31%
Magic:  16/16      EV: 15    Int: 13    God:    Trog [******]
Gold:   21         SH:  0    Dex: 17    Spells: 11/11 levels left

rFire    + + .     SeeInvis .   L - +7 great mace "Firestarter" {inner flame, rF++}
rCold    . . .     Gourm    .   (shield currently unavailable)
rNeg     + + .     Faith    .   x - +0 chain mail of Tartarus {rPois rN++}
rPois    +         Spirit   .   (helmet restricted)
rElec    .         Reflect  .   H - +0 cloak
rCorr    .         Harm     .   r - +0 pair of gloves
MR       .....     NoTele   +   (no boots)
Stlth    ..........             (no amulet)
HPRegen  1.27/turn              t - +2 ring of evasion
MPRegen  0.15/turn              u - +3 ring of strength

@: no status effects
A: antennae 1, yellow scales 2, powered by death 1
a: Berserk, Trog's Hand, Brothers in Arms, Renounce Religion


You were in the Dungeon.
You worshipped Trog.
Trog was exalted by your worship.
You were not hungry.

You visited 1 branch You collected 1910 gold pieces.
You spent 1889 gold pieces at shops.

Inventory:

Hand Weapons
 a - a +2 scimitar of flaming
 b - a +4 long sword of slicing
 n - the +2 falchion of Zuwehyt {slice, rElec rPois Int+5}
   (Trog gifted it to you in the Dungeon)

   It inflicts extra damage upon your enemies.
   It affects your intelligence (+5).
   It insulates you from electricity.
   It protects you from poison.
 p - a +0 short sword
 v - a +0 shortbow
 G - a +3 antimagic great sword
 L - the +7 great mace "Firestarter" (weapon) {inner flame, rF++}
   (You bought it in a shop in the Dungeon)

   It has been specially enchanted to burn those struck by it, causing extra
   injury to most foes and up to half again as much damage against particularly
   susceptible opponents.
   It greatly protects you from fire.
 Q - a +2 antimagic great sword
Missiles
 d - 5 throwing nets (quivered) {!f}
 w - 26 arrows
 D - 21 bolts
 E - 3 needles of sleeping
 I - 5 curare-tipped needles
Armour
 q - a +0 helmet
 r - a +0 pair of gloves (worn)
 s - a +1 chain mail
 x - the +0 chain mail of Tartarus (worn) {rPois rN++}
   (You found it in the Dungeon)

   It protects you from poison.
   It greatly protects you from negative energy.
 H - a +0 cloak (worn)
 J - a +0 leather armour
 V - the +18 shield of the Gong {rElec rN+ MR+ EV-5}
   (You found it in the Dungeon)

   It affects your evasion (-5).
   It insulates you from electricity.
   It protects you from negative energy.
   It affects your resistance to hostile enchantments.
 W - +1 fire dragon scales
Magical Staves
 o - an uncursed staff of energy
Jewellery
 t - a +2 ring of evasion (left hand)
 u - a +3 ring of strength (right hand)
 R - an uncursed ring of see invisible
 S - an uncursed ring of protection from cold
 T - an uncursed ring of protection from cold
 U - an uncursed ring of protection from magic
Wands
 O - a wand of flame (24)
Scrolls
 k - 2 scrolls of blinking
 m - 5 scrolls of remove curse
 y - a scroll of fog
 z - 4 scrolls of fear
 A - 3 scrolls of enchant armour
 M - 7 scrolls of enchant weapon
 N - 5 scrolls of identify
Potions
 e - 7 potions of curing
 g - 8 potions of heal wounds
 h - a potion of haste
 i - 4 potions of magic
 j - a potion of brilliance
 l - a potion of invisibility
 P - a potion of flight {unknown}
 X - a potion of might
 Y - a potion of mutation
Comestibles
 f - 12 rations
 B - 4 chunks of flesh


   Skills:
 + Level 14.0 Fighting
 - Level 9.0(12.1) Short Blades
 - Level 13.1(14.1) Long Blades
 * Level 7.2 Maces & Flails
 + Level 9.8 Throwing
 + Level 13.9 Armour
 + Level 9.0 Dodging
 + Level 6.1 Stealth
 + Level 5.6 Evocations


You had 11 spell levels left.
You didn't know any spells.

Dungeon Overview and Level Annotations

Branches:
Dungeon (1/1)

Altars:
Cheibriados
Dithmenos
Elyvilon
Fedhas
Gozag
Hepliaklqana
Kikubaaqudgha
Makhleb
Nemelex Xobeh
Okawaru
Qazlal
Ru
Sif Muna
Trog
Uskayaw
Vehumet
Wu Jian
Xom
Yredelemnul
Zin
The Shining One
Beogh
Jiyva
Lugonu

Shops:
D (?((


Innate Abilities, Weirdness & Mutations

You have a pair of small antennae on your head.
You are mostly covered in yellow scales. (AC +3)
You regenerate a little health from kills.


Message History

The cyan very ugly thing bites you!! The cyan very ugly thing shocks you!!
You closely miss the cyan very ugly thing.
The cyan very ugly thing is heavily wounded.
The fire dragon is engulfed in blazing flames.
The cyan very ugly thing bites you. The cyan very ugly thing shocks you!!
The fire dragon is engulfed in blazing flames.
A vampire knight comes into view. It is wielding a great mace.
The vampire knight shouts!
You hit the cyan very ugly thing. You burn the cyan very ugly thing.
The cyan very ugly thing is severely wounded.
The cyan very ugly thing bites you!
* * * LOW HITPOINT WARNING * * *
The cyan very ugly thing shocks you!!
* * * LOW HITPOINT WARNING * * *
The fire dragon is engulfed in blazing flames.
The vampire knight mumbles some strange words.
The vampire knight seems to speed up.
The cyan very ugly thing bites you.
* * * LOW HITPOINT WARNING * * *
The cyan very ugly thing shocks you!!
You die...

..†.†.'.........†............'..[
▓▓▓▓▓▓▓▓▓▓▓▓▓▓▓▓▓▓▓▓▓▓▓▓▓▓▓▓▓▓▓▓▓
........).......)..)))...........
▓▓▓▓▓▓▓▓▓▓▓▓▓▓▓▓▓▓▓▓▓▓▓▓▓▓▓▓▓▓▓▓▓
[)))).......).)).....∩)∩.∩.∩.....
▓▓▓▓▓▓▓▓▓▓▓▓▓▓▓▓▓▓▓▓▓▓▓▓▓▓▓▓▓▓▓▓▓
................)..............).
▓▓▓▓▓▓▓▓▓▓▓▓▓▓▓▓▓▓▓▓▓▓▓▓▓▓▓▓▓▓▓▓▓
[..[[[[........)@uD(((V.


{{{{{{{{ ▓▓▓▓▓▓▓▓▓▓▓▓▓▓▓▓▓▓▓▓▓▓▓▓ You could see a cyan very ugly thing (inner
flame), a fire dragon and a vampire knight.

Vanquished Creatures
  Josephine (D)
  Erolcha (D)
  Harold (D)
  A hydra (D)
  6 two-headed ogres (D)
  2 ogre magi (D)
  A tengu warrior (D)
  A glowing orange brain (D)
  2 orc sorcerers (D)
  An orc knight (D)
  An ugly thing (D)
  A black mamba (D)
  A gargoyle (D)
  An efreet (D)
  3 komodo dragons (D)
  A tengu conjurer (D)
  8 polar bears (D)
  A hippogriff (D)
  3 wraiths (D)
  2 wyverns (D)
  Eustachio (D)
  2 yaks (D)
  A hungry ghost (D)
  3 water moccasins (D)
  A soldier ant (D)
  4 porcupines (D)
  A black bear (D)
  3 orc warriors (D)
  5 ogres (D)
  A centaur (D)
  2 crocodiles (D)
  2 bullfrogs (D)
  A scorpion (D)
  A crimson imp (D)
  3 orc priests (D)
  2 orc wizards (D)
  2 hounds (D)
  3 worker ants (D)
  A shadow imp (D)
  A leopard gecko (D)
  6 orcs (D)
  2 bat zombies (D)
  A goblin (D)
  2 kobolds (D)
  A frilled lizard (D)
  A leopard gecko skeleton (D)
92 creatures vanquished.

Vanquished Creatures (collateral kills)
  An ogre mage (D)
  2 orc knights (D)
  5 orc warriors (D)
  An orc wizard (D)
9 creatures vanquished.

Vanquished Creatures (others)
  An unseen horror (D)
  A jelly (D)
2 creatures vanquished.

Grand Total: 103 creatures vanquished

Notes
Turn   | Place    | Note
-------+----------+-------------------------------------------
     0 | D        | emperorscorpion the Demonspawn Hunter began the quest for the Orb.
     0 | D        | Reached XP level 1. HP: 16/16 MP: 1/1
   144 | D        | Noticed a scorpion
   144 | D        | Noticed a worker ant
   144 | D        | Noticed a hound
   144 | D        | Noticed a worker ant
   147 | D        | Reached skill level 1 in Short Blades
   147 | D        | Reached skill level 1 in Stealth
   152 | D        | Killed a scorpion
   152 | D        | Reached skill level 3 in Fighting
   152 | D        | Reached skill level 1 in Armour
   152 | D        | Gained mutation: You are partially covered in yellow scales. (AC +2) [demonic ancestry]
   152 | D        | Reached XP level 2. HP: 25/25 MP: 2/2
   152 | D        | Reached XP level 3. HP: 30/30 MP: 3/3
   158 | D        | Reached skill level 4 in Fighting
   158 | D        | Reached XP level 4. HP: 37/37 MP: 4/4
   165 | D        | Reached skill level 5 in Fighting
   172 | D        | Found a roughly hewn altar of Beogh.
   172 | D        | Found a snail-covered altar of Cheibriados.
   172 | D        | Found a shadowy altar of Dithmenos.
   172 | D        | Found a white marble altar of Elyvilon.
   172 | D        | Found a blossoming altar of Fedhas.
   172 | D        | Found an opulent altar of Gozag.
   173 | D        | Found a hazy altar of Hepliaklqana.
   174 | D        | Found a viscous altar of Jiyva.
   175 | D        | Found an ancient bone altar of Kikubaaqudgha.
   176 | D        | Found a corrupted altar of Lugonu.
   177 | D        | Found a burning altar of Makhleb.
   178 | D        | Found a sparkling altar of Nemelex Xobeh.
   179 | D        | Found an iron altar of Okawaru.
   180 | D        | Found a stormy altar of Qazlal.
   181 | D        | Found a sacrificial altar of Ru.
   182 | D        | Found a deep blue altar of Sif Muna.
   183 | D        | Found a bloodstained altar of Trog.
   184 | D        | Found a hide-covered altar of Uskayaw.
   185 | D        | Found a radiant altar of Vehumet.
   186 | D        | Found an ornate altar of the Wu Jian Council.
   187 | D        | Found a shimmering altar of Xom.
   188 | D        | Found a basalt altar of Yredelemnul.
   189 | D        | Found a glowing silver altar of Zin.
   190 | D        | Found a glowing golden altar of the Shining One.
   191 | D        | Became a worshipper of Trog the Wrathful
   312 | D        | Noticed a hungry ghost
   312 | D        | Noticed a gargoyle
   312 | D        | Noticed a centaur
   314 | D        | Reached skill level 5 in Short Blades
   314 | D        | Reached XP level 5. HP: 40/44 MP: 5/5
   319 | D        | Killed a hungry ghost
   319 | D        | Reached skill level 6 in Fighting
   319 | D        | Reached skill level 1 in Long Blades
   319 | D        | Reached skill level 1 in Evocations
   319 | D        | Gained mutation: You have a pair of small antennae on your head. [demonic ancestry]
   319 | D        | Reached XP level 6. HP: 50/53 MP: 6/6
   322 | D        | Reached * piety under Trog
   322 | D        | Killed an unseen horror
   322 | D        | Reached skill level 8 in Fighting
   322 | D        | Reached skill level 5 in Armour
   322 | D        | Reached skill level 5 in Dodging
   322 | D        | Reached skill level 5 in Stealth
   322 | D        | Reached XP level 7. HP: 54/62 MP: 6/9
   334 | D        | Killed a gargoyle
   334 | D        | Reached XP level 8. HP: 38/69 MP: 7/10
   485 | D        | Noticed an efreet
   485 | D        | Reached ** piety under Trog
   496 | D        | Killed an efreet
   496 | D        | Reached *** piety under Trog
   599 | D        | Got the +0 chain mail of Tartarus {rPois rN++}
   621 | D        | Noticed a black mamba
   629 | D        | Killed a black mamba
   629 | D        | Reached skill level 9 in Fighting
   629 | D        | Reached skill level 5 in Long Blades
   642 | D        | Reached **** piety under Trog
   642 | D        | Gained mutation: You regenerate a little health from kills. [demonic ancestry]
   642 | D        | Reached XP level 9. HP: 48/76 MP: 12/12
   649 | D        | Received a gift from Trog
   743 | D        | Noticed a komodo dragon
   743 | D        | Noticed a polar bear
   755 | D        | Killed a komodo dragon
   755 | D        | Received a gift from Trog
   769 | D        | Noticed a komodo dragon
   769 | D        | Reached skill level 10 in Fighting
   829 | D        | Reached ***** piety under Trog
   831 | D        | Killed a polar bear
   832 | D        | Received a gift from Trog
   840 | D        | Killed a komodo dragon
   952 | D        | Noticed a polar bear
   952 | D        | Noticed a polar bear
   952 | D        | Noticed a polar bear
   952 | D        | Noticed a polar bear
   952 | D        | Noticed a polar bear
   957 | D        | Killed a polar bear
   957 | D        | Reached skill level 10 in Long Blades
   957 | D        | Reached skill level 10 in Armour
   957 | D        | Gained mutation: You are mostly covered in yellow scales. (AC +3) [demonic ancestry]
   957 | D        | Reached XP level 10. HP: 58/86 MP: 13/13
  1001 | D        | Reached skill level 11 in Fighting
  1010 | D        | Reached ****** piety under Trog
  1010 | D        | Received a gift from Trog
  1140 | D        | Noticed Josephine
  1154 | D        | Killed Josephine
  1216 | D        | Noticed an orc knight
  1230 | D        | Received a gift from Trog
  1288 | D        | Killed an orc knight
  1288 | D        | Received a gift from Trog
  1288 | D        | Reached skill level 5 in Throwing
  1412 | D        | Received a gift from Trog
  1459 | D        | Noticed an orc sorcerer
  1459 | D        | Noticed an orc sorcerer
  1472 | D        | Noticed an orc knight
  1479 | D        | Killed an orc sorcerer
  1480 | D        | Killed an orc sorcerer
  1480 | D        | Reached XP level 11. HP: 67/95 MP: 6/14
  1480 | D        | Received a gift from Trog
  1481 | D        | Got a transparent falchion {god gift}
  1484 | D        | Killed an orc knight
  1491 | D        | Noticed an orc knight
  1494 | D        | Received a gift from Trog
  1496 | D        | Identified the +2 falchion of Zuwehyt {slice, rElec rPois Int+5} (Trog gifted it to you in the Dungeon)
  1500 | D        | Killed an orc knight
  1500 | D        | Reached skill level 12 in Fighting
  1537 | D        | Found Boral's Antique Weapon Emporium.
  1537 | D        | Noticed a two-headed ogre
  1537 | D        | Noticed a two-headed ogre
  1537 | D        | Noticed an ogre mage
  1538 | D        | Noticed a two-headed ogre
  1546 | D        | Noticed an ogre mage
  1549 | D        | Noticed a two-headed ogre
  1553 | D        | Killed an ogre mage
  1557 | D        | Killed a two-headed ogre
  1557 | D        | Received a gift from Trog
  1557 | D        | Reached skill level 5 in Evocations
  1566 | D        | Killed a two-headed ogre
  1570 | D        | HP: 2/96 [two-headed ogre/giant club (18)]
  1584 | D        | Killed a two-headed ogre
  1590 | D        | Killed a two-headed ogre
  1590 | D        | Reached skill level 13 in Fighting
  1612 | D        | Killed an ogre mage
  1612 | D        | Received a gift from Trog
  1919 | D        | Found Ilerr's Magic Scroll Shoppe.
  1923 | D        | Found Asismot's Antique Weapon Emporium.
  1927 | D        | Found Uneproask's Weapon Shoppe.
  1929 | D        | Noticed an ogre mage
  1937 | D        | Noticed a two-headed ogre
  1946 | D        | Killed an ogre mage
  1954 | D        | Killed a two-headed ogre
  1976 | D        | Bought the +7 great mace "Firestarter" {inner flame, rF++} for 1424 gold pieces
  1976 | D        | Found the +7 great mace "Firestarter" {inner flame, rF++}
  1978 | D        | Bought a scroll of enchant weapon for 82 gold pieces
  1978 | D        | Bought a scroll of enchant weapon for 82 gold pieces
  1978 | D        | Bought a scroll of remove curse for 33 gold pieces
  1978 | D        | Bought a scroll of identify for 22 gold pieces
  2004 | D        | Bought a scroll of fear for 38 gold pieces
  2004 | D        | Bought a scroll of enchant weapon for 82 gold pieces
  2004 | D        | Bought a scroll of enchant armour for 82 gold pieces
  2004 | D        | Bought a scroll of identify for 22 gold pieces
  2004 | D        | Bought a scroll of identify for 22 gold pieces
  2028 | D        | Noticed Eustachio
  2046 | D        | Killed Eustachio
  2116 | D        | Noticed Erolcha
  2123 | D        | Killed Erolcha
  2144 | D        | Noticed Harold
  2168 | D        | Killed Harold
  2168 | D        | Received a gift from Trog
  2168 | D        | Reached XP level 12. HP: 84/106 MP: 16/16
  2258 | D        | Found the +18 shield of the Gong {rElec rN+ MR+ EV-5}
  2297 | D        | Noticed a two-headed ogre
  2297 | D        | Noticed a tengu warrior
  2300 | D        | Killed a two-headed ogre
  2306 | D        | Noticed an eight-headed hydra
  2317 | D        | Killed a tengu warrior
  2317 | D        | Reached skill level 5 in Maces & Flails
  2322 | D        | Killed an eight-headed hydra
  2324 | D        | Received a gift from Trog
  2327 | D        | Noticed a cyan very ugly thing
  2329 | D        | Noticed a fire dragon
  2330 | D        | Reached skill level 14 in Fighting
  2335 | D        | Noticed a vampire knight
  2335 | D        | HP: 5/107 [cyan very ugly thing (5)]
  2335 | D        | Demolished by a cyan very ugly thing

Vault maps used:
D:        linesprint

Skill      XL: |  1  2  3  4  5  6  7  8  9 10 11 12 |
---------------+-------------------------------------+-----
Throwing       | 4 5 8 9 |  9.8
Short Blades   | 3 5 6 7 8 9 |  9.0
Stealth        | 2 3 4 5 6 |  6.1
Fighting       | 3 4 5 6 8 9 10 11 13 14 | 14.0
Armour         | 1 2 3 5 6 8 10 11 13 | 13.9
Dodging        | 2 3 4 5 6 7 8 9 |  9.0
Long Blades    | 1 2 3 5 10 13 | 13.1
Evocations     | 1 3 4 5 |  5.6
Maces & Flails | 3 7 |  7.2

Action                   |  1- 3 |  4- 6 |  7- 9 | 10-12 || total
-------------------------+-------+-------+-------+-------++-------
Melee: Short sword       |    29 |     6 |       |       ||    35
       Scimitar          |       |     4 |   118 |    51 ||   173
       Long sword        |       |       |       |    75 ||    75
       Great sword       |       |       |       |     4 ||     4
       Falchion          |       |       |       |    76 ||    76
       Great mace        |       |       |       |    28 ||    28
Throw: Javelin           |       |       |     6 |    41 ||    47
       Tomahawk          |       |       |     2 |     9 ||    11
Invok: Trog's Hand       |       |       |     4 |     2 ||     6
       Brothers in Arms  |       |       |     1 |     3 ||     4
       Berserk           |       |       |     1 |     2 ||     3
Evoke: Wand              |       |     5 |     2 |     3 ||    10
  Use: Potion            |     1 |       |     1 |     1 ||     3
 Stab: Sleeping          |     1 |       |       |       ||     1
  Eat: Chunk             |       |       |     8 |     8 ||    16
Armor: Leather armour    |     3 |       |       |       ||     3
       Chain mail        |       |    10 |    44 |    95 ||   149
Dodge: Dodged            |    14 |     5 |    48 |   129 ||   196
       Rpst.: Scimitar   |       |       |    23 |     4 ||    27
       Long sword        |       |       |       |     8 ||     8
       Great sword       |       |       |       |     1 ||     1
       Falchion          |       |       |       |     6 ||     6

Table legend:
 A = Spawn XP
 B = Non-spawn XP
 C = Spawn XP percentage of total XP
 D = Spawn monster count
 E = Non-spawn monster count
 F = Spawn count percentage of total count
 G = Total turns spent on level
                    A         B        C        D         E        F      G
               +---------+---------+-------+---------+---------+-------+---------
         Total |       0 |   26971 |   0.0 |       0 |     102 |   0.0 |  2335
               +---------+---------+-------+---------+---------+-------+---------
             D |       0 |   26971 |   0.0 |       0 |     102 |   0.0 |  2335
               +---------+---------+-------+---------+---------+-------+---------
